 Dungeon Crawl Stone Soup version 0.28-a0-390-gb254ac4902 (webtiles) character file.

Game seed: 16800657755751305907

7 marklar909 the Sneak (level 1, 0/18 HPs)
             Began as a Demonspawn Delver on Sept 4, 2021.
             Slain by an adder (3 damage)
             ... on level 4 of the Dungeon.
             The game lasted 00:02:20 (501 turns).

marklar909 the Sneak (Demonspawn Delver)             Turns: 501, Time: 00:02:21

Health: 0/18       AC:  3    Str: 12    XL:     1   Next: 83%
Magic:  1/1        EV: 11    Int: 11    God:
Gold:   0          SH:  0    Dex: 14    Spells: 0/0 levels left

rFire   . . .      SeeInvis .   a - +0 falchion
rCold   . . .      Faith    .   (no shield)
rNeg    . . .      Spirit   .   b - +0 leather armour
rPois   .          Reflect  .   (no helmet)
rElec   .          Harm     .   (no cloak)
rCorr   .          Rampage  .   (no gloves)
Will    .....                   (no boots)
Stlth   +++.......              (no amulet)
HPRegen 0.06/turn               (no ring)
MPRegen 0.07/turn               (no ring)

@: brilliant, lethally poisoned (0 -> -5)
A: no striking features
a: no special abilities


You were on level 4 of the Dungeon.
You visited 1 branch of the dungeon, and saw 3 of its levels.

Inventory:

Hand Weapons
 a - a +0 falchion (weapon)
 h - a +0 rapier
Armour
 b - a +0 leather armour (worn)
Wands
 g - a wand of digging (3)
Scrolls
 c - a scroll of fog
 d - a scroll of magic mapping


   Skills:
 + Level 3.1 Fighting
 + Level 1.8 Long Blades
 + Level 1.8 Dodging
 + Level 4.7 Stealth


You couldn't memorise any spells.
You didn't know any spells.
Your spell library was empty.

Dungeon Overview and Level Annotations

Branches:
Dungeon (5/15)             Temple (0/1) D:5

Altars:

Annotations:
D:3 Natasha, Sigmund


Message History

The giant cockroach bites you.
The giant cockroach waves its antennae.
The giant cockroach bites you.
The adder hisses angrily.
The giant cockroach barely misses you. The adder closely misses you.
You hit the adder.
The adder is lightly wounded.
The adder bites you. The giant cockroach closely misses you.
The adder bites you. The giant cockroach misses you.
You closely miss the adder.
The adder is lightly wounded.
The adder bites you but does no damage. The giant cockroach bites you.
You hit the adder.
The adder is heavily wounded.
The adder bites you but does no damage. The giant cockroach closely misses you.
The adder barely misses you. The giant cockroach closely misses you.
You closely miss the adder.
The adder is heavily wounded.
The adder bites you but does no damage. The giant cockroach barely misses you.
The adder closely misses you.
You barely miss the adder.
The adder is heavily wounded.
The giant cockroach bites you but does no damage.
The adder closely misses you.
The giant cockroach bites you but does no damage.
You closely miss the adder.
The adder is heavily wounded.
The adder bites you.
You are lethally poisoned!
The adder poisons you! The giant cockroach bites you.
* * * LOW HITPOINT WARNING * * *
The adder closely misses you.
It was a potion of brilliance.
You feel clever all of a sudden.
* * * LOW HITPOINT WARNING * * *
You feel sick.
The giant cockroach bites you but does no damage.
The adder bites you.
You die...

#..# #..# ...#
.. #..## #..
##..# ##...
#?..# #....
#...## ###...#
#.....###....#
#..S@Bg..#
######g..#
##..## #####
##..## #....
#...# ##....
##..## #.<...
##..# ##.....
#..###......
##..##......


You could see an adder, a giant cockroach and 2 goblins.

Vanquished Creatures
  A dart slug (D:3)
  A bat (D:3)
  2 goblins (D:3)
  A rat (D:3)
5 creatures vanquished.

Notes
Turn   | Place    | Note
-------+----------+-------------------------------------------
     0 | D:5      | marklar909 the Demonspawn Delver began the quest for the
                  | Orb.
     0 | D:5      | Reached XP level 1. HP: 18/18 MP: 1/1
    50 | D:3      | You fall into a shaft and drop 1 floor!
   105 | D:3      | Noticed Natasha
   394 | D:3      | Noticed Sigmund
   501 | D:4      | Slain by an adder

Illustrated notes

Levels and vault maps discovered:
D:3:      layout_basic, grunt_ministairs_2, uniq_sigmund, uniq_natasha
D:4:      minmay_chambers_of_twos, layout_cave_pods, uniq_grinder
D:5:      layout_basic, minmay_temple_entry_tees

Action                   || total
-------------------------++-------
Melee: Falchion          ||    34
  Use: Potion            ||     3
       Scroll            ||     1
 Stab: Sleeping          ||     1
Armor: Leather armour    ||    18
Dodge: Dodged            ||    48

Table legend: (Time is in decaauts)
 A = Elapsed time spent in this place.
 B = Non-inter-level travel time spent in this place.
 C = Inter-level travel time spent in this place.
 D = Time resting spent in this place.
 E = Time spent auto-exploring this place.
 F = Levels seen in this place.
 G = Mean time per level.
                   A        B        C        D        E       F      G
               +--------+--------+--------+--------+--------+-----+--------+
         Total |    500 |    485 |     15 |    159 |     29 |   3 |  166.7 |
       Dungeon |    500 |    485 |     15 |    159 |     29 |   3 |  166.7 |
               +--------+--------+--------+--------+--------+-----+--------+

Top non-repeatable levels by time:
     D:3: 408 daAuts
     D:4: 84 daAuts
     D:5: 8 daAuts
